 Dungeon Crawl Stone Soup version 0.22-a0-281-g2e20325899 (webtiles) character file.

53 Ikesh the Magician (level 3, -7/25 HPs)
             Began as a Demonspawn Wizard on Mar 17, 2018.
             Killed by nerve-wracking pain
             ... invoked by an orc priest
              (14 damage)
             ... on level 3 of the Dungeon.
             The game lasted 00:10:05 (2091 turns).

Ikesh the Magician (Demonspawn Wizard)              Turns: 2091, Time: 00:10:07

Health: -7/25      AC:  4    Str:  7    XL:     3   Next: 64%
Magic:  4/8        EV: 12    Int: 20    God:
Gold:   112        SH:  0    Dex: 11    Spells: 2/9 levels left

rFire    + . .     SeeInvis .   g - +0 dagger
rCold    x . .     Gourm    .   (no shield)
rNeg     . . .     Faith    .   a - +0 robe
rPois    .         Spirit   .   b - +0 hat
rElec    .         Reflect  .   (no cloak)
rCorr    .         Harm     .   (no gloves)
MR       .....                  (no boots)
Stlth    ++........             (no amulet)
HPRegen  0.08/turn              h - ring of fire
MPRegen  0.11/turn              (no ring)

@: no status effects
A: horns 1, molten scales 1
a: no special abilities


You were on level 3 of the Dungeon.
You were not hungry.

You visited 1 branch of the dungeon, and saw 3 of its levels.

You collected 112 gold pieces.

Inventory:

Hand Weapons
 g - a +0 dagger (weapon)
Armour
 a - a +0 robe (worn)
 b - a +0 hat (worn)
Jewellery
 h - a ring of fire (left hand)
Wands
 m - a wand of digging (20)
Scrolls
 c - 5 scrolls of remove curse {unknown}
 j - a scroll of identify {unknown}
 k - a scroll of teleportation {unknown}
Potions
 e - 3 potions of curing {unknown}
 f - a potion of cancellation {unknown}
 i - a potion of agility {unknown}
 n - a potion of lignification {unknown}
Comestibles
 d - 4 rations
 l - 4 chunks of flesh


   Skills:
 + Level 0.3 Fighting
 + Level 2.0 Dodging
 + Level 1.8 Stealth
 + Level 3.7 Spellcasting
 + Level 1.2 Conjurations
 + Level 1.9 Summonings
 + Level 0.8 Translocations


You had 2 spell levels left.
You knew the following spells:

 Your Spells              Type           Power        Failure   Level  Hunger
a - Magic Dart            Conj           #...         8%          1    None
b - Slow                  Hex            #.......     21%         2    ##.....
c - Blink                 Tloc           N/A          14%         2    ##.....
d - Call Imp              Summ           ##......     9%          2    ##.....


Dungeon Overview and Level Annotations

Branches:
Dungeon (3/15)

Altars:


Innate Abilities, Weirdness & Mutations

You have a pair of small horns on your head.
You are partially covered in molten scales. (AC +2)


Message History

The ball python constricts you.
You closely miss the ball python.
The ball python is moderately wounded.
Your white imp disappears in a puff of smoke!
The ball python closely misses you. The ball python constricts you.
Your iron imp hits the ball python!
The ball python dies!
The orc priest invokes the aid of Beogh against you.
Beogh smites you!
Ouch! That really hurt!
* * * LOW HITPOINT WARNING * * *
The orc shouts!
You hear a shout!
You see here 10 gold pieces.
Casting: Call Imp (safe; 9% risk of failure)
Confirm with . or Enter, or press ? or * to list all spells.
A beastly little devil appears in a puff of flame.
The orc priest mumbles some strange prayers to Beogh against you.
Pain shoots through your body!
Ouch! That really hurt!
You die...

##.#...##.# #
##.###.#
####..# #...#
.####...###
.........รท.#
##[###.5.#.#
##5##.###
#@.....#
###......##b#.#
.......<..o.o.#
##.#.....##.#S#
#.#....o#
#.....##b#
........ ..
#####.......
##. ###


You could see an orc priest, an orc, a bat, a friendly iron imp and a friendly
crimson imp.

Vanquished Creatures
  An adder (D:3)
  3 giant cockroaches
  2 goblins (D:1)
  3 hobgoblins
  A jackal (D:2)
  2 bats
  A frilled lizard (D:3)
  5 kobolds (D:1)
  3 rats (D:1)
21 creatures vanquished.

Vanquished Creatures (collateral kills)
  2 adders
  2 worms (D:2)
  A ball python (D:3)
  A goblin (D:2)
  2 hobgoblins (D:2)
  7 jackals
  2 kobolds (D:2)
17 creatures vanquished.

Grand Total: 38 creatures vanquished

Notes
Turn   | Place    | Note
-------+----------+-------------------------------------------
     0 | D:1      | Ikesh the Demonspawn Wizard began the quest for the Orb.
     0 | D:1      | Reached XP level 1. HP: 13/13 MP: 4/4
   627 | D:1      | Gained mutation: You have a pair of small horns on your head. [demonic ancestry]
   627 | D:1      | Reached XP level 2. HP: 19/19 MP: 6/6
   809 | D:1      | Learned a level 2 spell: Slow
   884 | D:1      | Learned a level 2 spell: Blink
   902 | D:1      | Learned a level 2 spell: Call Imp
  1765 | D:2      | Gained mutation: You are partially covered in molten scales. (AC +2) [demonic ancestry]
  1765 | D:2      | Reached XP level 3. HP: 24/24 MP: 8/8
  2091 | D:3      | Killed from afar by an orc priest

Vault maps used:
D:1:      lemuel_arrival_hallway
D:2:      minmay_tromino_i4
D:3:      lemuel_upstairs_altar, lemuel_zombie_altar_yredelemnul

Skill      XL: |  1 |
---------------+----+-----
Dodging        | 2 |  2.0
Fighting       | |  0.3
Stealth        | |  1.8
Spellcasting   | |  3.7
Conjurations   | |  1.2
Summonings     | |  1.9
Translocations | |  0.8

Action                   || total
-------------------------++-------
Melee: Dagger            ||    49
       Headbutt          ||     5
 Cast: Magic Dart        ||    28
       Call Imp          ||    22
       Blink             ||     3
       Slow              ||     1
 Stab: Sleeping          ||     4
       Distracted        ||     1
  Eat: Chunk             ||     4
Armor: Robe              ||    16
Dodge: Dodged            ||    61

Table legend:
 A = Spawn XP
 B = Non-spawn XP
 C = Spawn XP percentage of total XP
 D = Spawn monster count
 E = Non-spawn monster count
 F = Spawn count percentage of total count
 G = Total turns spent on level
                    A         B        C        D         E        F      G
               +---------+---------+-------+---------+---------+-------+---------
         Total |       0 |      77 |   0.0 |       0 |      38 |   0.0 |  2091
               +---------+---------+-------+---------+---------+-------+---------
           D:1 |       0 |      23 |   0.0 |       0 |      15 |   0.0 |   926
           D:2 |       0 |      27 |   0.0 |       0 |      14 |   0.0 |  1056
           D:3 |       0 |      27 |   0.0 |       0 |       9 |   0.0 |   109
               +---------+---------+-------+---------+---------+-------+---------
